 Dungeon Crawl Stone Soup version 0.21.1-1-g345015fe64 (webtiles) character file.

3061 Gargoyl the Chopper (level 9, -5/74 HPs)
             Began as a Centaur Abyssal Knight on Apr 12, 2018.
             Was a Priest of Lugonu.
             Killed by nerve-wracking pain
             ... invoked by an orc priest
              (12 damage)
             ... on level 8 of the Dungeon.
             The game lasted 00:15:02 (8550 turns).

Gargoyl the Chopper (Centaur Abyssal Knight)        Turns: 8550, Time: 00:15:03

Health: -5/74      AC: 16    Str: 20    XL:     9   Next: 57%
Magic:  22/22      EV:  4    Int: 11    God:    Lugonu [***...]
Gold:   174        SH:  3    Dex: 12    Spells: 8/8 levels left

rFire    . . .     SeeInvis .   a - +3 hand axe
rCold    . . .     Gourm    .   (no shield)
rNeg     . . .     Faith    .   p - +0 plate armour
rPois    .         Spirit   .   (no helmet)
rElec    .         Reflect  +   m - +0 cloak
rCorr    +         Harm     .   b - +1 pair of gloves
MR       .....                  (no barding)
Stlth    ..........             s - +3 amulet of reflection
HPRegen  0.22/turn              q - ring of magical power
MPRegen  0.18/turn              y - ring of resist corrosion

@: mighty, very quick
A: large, hooves 3, slimy green scales 1, deformed body, deterioration 1, speed
2, tough skin 3, MP-powered wands
a: Depart the Abyss, Bend Space, Banish, Renounce Religion


You were on level 8 of the Dungeon.
You worshipped Lugonu.
Lugonu was most pleased with you.
You were not hungry.

You visited 1 branch of the dungeon, and saw 8 of its levels.
You visited the Abyss 1 time.

You collected 347 gold pieces.
You spent 173 gold pieces at shops.

Inventory:

Hand Weapons
 a - a +3 hand axe (weapon)
Missiles
 u - an exploding tomahawk (quivered)
Armour
 b - a +1 pair of gloves (worn)
 m - a +0 cloak (worn)
 p - a +0 plate armour (worn)
Jewellery
 q - a ring of magical power (left hand)
 s - a +3 amulet of reflection (around neck)
 y - a ring of resist corrosion (right hand)
Wands
 d - a wand of scattershot (6)
 i - a wand of iceblast (8)
 j - a wand of polymorph (8)
 o - a wand of flame (18)
 t - a wand of acid (10)
Scrolls
 e - 2 scrolls of blinking
 h - 2 scrolls of fog
 k - 5 scrolls of amnesia
 l - 4 scrolls of identify
 v - 2 scrolls of teleportation
 x - a scroll of remove curse
 B - a scroll of fear {unknown}
Potions
 f - 3 potions of brilliance
 g - a potion of might
 n - 3 potions of curing
 w - a potion of flight
Books
 r - a book of Necromancy

   Spells                             Type                      Level
   a - Pain                           Necromancy                   1
   b - Animate Skeleton               Necromancy                   1
   c - Vampiric Draining              Necromancy                   3
   d - Regeneration                   Charms/Necromancy            3
   e - Animate Dead                   Necromancy                   4
   f - Borgnjor's Vile Clutch         Necromancy/Earth             5
 z - the Catalogue of Creation and Contamination
   (You found it on level 6 of the Dungeon)

   Spells                             Type                      Level
   a - Summon Small Mammal            Summoning                    1
   b - Call Imp                       Summoning                    2
   c - Mephitic Cloud                 Conjuration/Poison/Air       3
   d - Recall                         Summoning/Translocation      3
 C - a book of Geomancy

   Spells                             Type                      Level
   a - Sandblast                      Earth                        1
   b - Passwall                       Transmutation/Earth          2
   c - Stone Arrow                    Conjuration/Earth            3
   d - Petrify                        Transmutation/Earth          4
   e - Lee's Rapid Deconstruction     Earth                        5
Comestibles
 c - 13 rations
 A - 4 chunks of flesh


   Skills:
 + Level 5.6 Fighting
 + Level 7.2 Axes
 + Level 1.0 Throwing
 * Level 6.3 Armour
 + Level 1.5 Dodging
 * Level 6.0 Invocations


You had 8 spell levels left.
You didn't know any spells.

Dungeon Overview and Level Annotations

Branches:
Dungeon (8/15)             Temple (0/1) D:6
   Lair: D:8-11

Altars:
Cheibriados
Dithmenos
Fedhas
Gozag
Hepliaklqana
Okawaru
Qazlal
Ru
Sif Muna
Trog
Vehumet
Wu Jian
Xom

Shops:
D:4 [*=*}


Innate Abilities, Weirdness & Mutations

You have hooves in place of feet.
Armour fits poorly on your strangely shaped body.
You cover ground very quickly.
You have extremely tough skin. (AC +3)
You are partially covered in slimy green scales. (AC +2)
Your body sometimes deteriorates upon taking damage.
You expend magic power (3 MP) to strengthen your wands.


Message History

Unknown command.
Unknown command.
You feel very mighty all of a sudden.
You feel sick.
The scorpion stings you but does no damage.
The water moccasin bites you but does no damage.
The necrophage hits you but does no damage.
The orc priest calls down the wrath of Beogh upon you.
Beogh smites you!
* * * LOW HITPOINT WARNING * * *
You feel better.
The water moccasin bites you but does no damage.
The orc warrior hits you with a war axe.
* * * LOW HITPOINT WARNING * * *
The scorpion stings you but does no damage.
The orc priest hits you but does no damage.
The necrophage hits you but does no damage.
The orc priest calls down the wrath of Beogh upon you.
Pain shoots through your body!
You die...

# ###..# .# #
#....###.#. .. ....
#........#.##..#<...
#####........#.#..#.....
..........##............
............##..........
###(............o.......
# ##......###..#oo#.....
# #......##.....@n......
# #..#......#..Sso......
###....#...............#
.....########..........#
...### #..........#
....# #..........#
....#########.....!.....
........................
....#########...........


You could see an orc warrior, a water moccasin, a necrophage, a scorpion, 2 orc
priests and an orc.

Vanquished Creatures
  The ghost of Lorindel the Magician, a novice DgTm (D:7)
  Joseph (D:7)
  A shadow (D:7)
  Sigmund (D:3)
  An ice beast (D:6)
  A sky beast (D:6)
  2 necrophages
  2 phantoms
  2 centaurs
  3 ogres
  A big kobold (D:8)
  A scorpion (D:6)
  4 wights (D:7)
  A crimson imp (D:7)
  4 hounds
  5 orc wizards
  A jelly (D:7)
  Terence (D:2)
  An iguana (D:7)
  6 worker ants
  A hound skeleton (D:5)
  5 gnolls
  5 adders
  A shadow imp (D:8)
  An ooze (D:3)
  2 adder skeletons (D:4)
  A worm (D:2)
  2 dart slugs
  7 leopard geckos
  23 orcs
  8 giant cockroaches
  11 goblins
  8 hobgoblins
  9 jackals
  11 kobolds
  3 quokkas
  4 ball pythons
  2 bats
  8 frilled lizards
  6 rats
  A bush (D:6)
159 creatures vanquished.

Notes
Turn   | Place    | Note
-------+----------+-------------------------------------------
     0 | Abyss:1  | Gargoyl the Centaur Abyssal Knight began the quest for the Orb.
     0 | Abyss:1  | Reached XP level 1. HP: 19/19 MP: 2/2
    55 | Abyss:1  | Noticed a stone giant zombie
   137 | Abyss:2  | Noticed a raiju
   141 | Abyss:2  | Gained mutation: Your body sometimes deteriorates upon taking damage. [potion of mutation]
   141 | Abyss:2  | Gained mutation: You expend magic power (3 MP) to strengthen your wands. [potion of mutation]
   141 | Abyss:2  | Gained mutation: You are partially covered in slimy green scales. (AC +2) [potion of mutation]
   148 | Abyss:2  | Found a corrupted altar of Lugonu.
   164 | Abyss:2  | Noticed a small abomination
   166 | Abyss:2  | Noticed a yak
   166 | D:1      | Escaped the Abyss
   196 | D:1      | Reached XP level 2. HP: 26/26 MP: 3/3
   434 | D:1      | Reached * piety under Lugonu
   530 | D:1      | Reached skill level 2 in Axes
   876 | D:1      | Reached XP level 3. HP: 29/33 MP: 4/4
  1107 | D:2      | Found a blossoming altar of Fedhas.
  1109 | D:2      | Found a stormy altar of Qazlal.
  1347 | D:2      | Noticed a necrophage
  1366 | D:2      | Killed a necrophage
  1366 | D:2      | Reached XP level 4. HP: 28/40 MP: 4/6
  1563 | D:2      | Noticed Terence
  1574 | D:2      | Killed Terence
  1574 | D:2      | Reached XP level 5. HP: 30/46 MP: 7/7
  1961 | D:3      | Found a bloodstained altar of Trog.
  1963 | D:3      | Found a hazy altar of Hepliaklqana.
  1963 | D:3      | Found a sacrificial altar of Ru.
  1964 | D:3      | Found a deep blue altar of Sif Muna.
  1964 | D:3      | Found a shimmering altar of Xom.
  2027 | D:3      | Noticed Sigmund
  2056 | D:3      | Killed Sigmund
  2056 | D:3      | Reached skill level 3 in Axes
  2056 | D:3      | Reached skill level 1 in Dodging
  2056 | D:3      | Reached XP level 6. HP: 10/52 MP: 8/8
  2342 | D:3      | Reached ** piety under Lugonu
  2972 | D:3      | Found an iron altar of Okawaru.
  3106 | D:4      | Found a snail-covered altar of Cheibriados.
  3120 | D:4      | Reached skill level 4 in Axes
  3170 | D:4      | Reached XP level 7. HP: 25/60 MP: 9/9
  3511 | D:4      | Found Jymour's Assorted Antiques.
  3516 | D:4      | Bought a black potion for 16 gold pieces
  3788 | D:4      | Found an ornate altar of the Wu Jian Council.
  3877 | D:4      | Found Fulah's Jewellery Boutique.
  3918 | D:4      | Found Jacanoor's General Store.
  3980 | D:4      | Found Qotysch's Antique Armour Shoppe.
  4040 | D:4      | Bought a +3 amulet of reflection for 157 gold pieces
  4107 | D:4      | Found Ytiwyu Tuse's Gadget Emporium.
  4165 | D:5      | Entered Level 5 of the Dungeon
  4600 | D:5      | Found a radiant altar of Vehumet.
  4998 | D:6      | Reached skill level 5 in Axes
  5089 | D:6      | Reached XP level 8. HP: 33/67 MP: 11/11
  5443 | D:6      | Identified the Catalogue of Creation and Contamination
  5572 | D:6      | Found a staircase to the Ecumenical Temple.
  6113 | D:7      | Reached skill level 5 in Fighting
  6351 | D:7      | Noticed Joseph
  6351 | D:7      | Noticed Lorindel's ghost (novice DgTm)
  6432 | D:7      | Found a shadowy altar of Dithmenos.
  6449 | D:7      | Found an opulent altar of Gozag.
  6768 | D:7      | Reached skill level 6 in Axes
  6771 | D:7      | Reached skill level 5 in Armour
  6780 | D:7      | Reached skill level 5 in Invocations
  6875 | D:7      | Reached *** piety under Lugonu
  7273 | D:7      | Killed Lorindel's ghost
  7273 | D:7      | Reached XP level 9. HP: 18/74 MP: 13/13
  7553 | D:7      | Killed Joseph
  8153 | D:7      | Reached skill level 1 in Throwing
  8420 | D:8      | Reached skill level 7 in Axes
  8550 | D:8      | Killed from afar by an orc priest

Skill      XL: |  1  2  3  4  5  6  7  8  9 |
---------------+----------------------------+-----
Axes           | 2 3 4 5 6 7 |  7.2
Fighting       | 4 5 |  5.6
Armour         | 2 3 4 5 6 |  6.3
Dodging        | 1 |  1.5
Invocations    | 3 4 5 6 |  6.0
Throwing       | 1 |  1.0

Action                   |  1- 3 |  4- 6 |  7- 9 || total
-------------------------+-------+-------+-------++-------
Melee: Hand axe          |    90 |   142 |   418 ||   650
       Kick              |    17 |    25 |    92 ||   134
       Unarmed           |       |       |     7 ||     7
Throw: Tomahawk          |       |       |     6 ||     6
Invok: Depart the Abyss  |     1 |       |       ||     1
       Bend Space        |       |       |     1 ||     1
Evoke: Wand              |       |       |     1 ||     1
  Use: Potion            |     4 |     2 |     5 ||    11
       Scroll            |     3 |     3 |     8 ||    14
  Eat: Chunk             |       |     5 |    12 ||    17
       Ration            |       |       |     1 ||     1
Armor: Scale mail        |    51 |    67 |    93 ||   211
       Plate armour      |       |       |   191 ||   191
       Chain mail        |       |       |    23 ||    23
       Skin              |       |       |     1 ||     1
Dodge: Dodged            |    38 |    51 |    96 ||   185
Block: Other             |       |       |    34 ||    34
       Reflection        |       |       |     4 ||     4
